 Dungeon Crawl Stone Soup version 0.16.1-4-g8e1b745 (webtiles) character file.

113 siprus the Sneak (level 4, -3/21 HPs)
             Began as a Spriggan Enchanter on Mar 27, 2015.
             Killed by nerve-wracking pain
             ... invoked by Grinder
              (8 damage)
             ... while paralysed by Grinder
             ... on level 3 of the Dungeon.
             The game lasted 00:07:22 (1899 turns).

siprus the Sneak (Spriggan Enchanter)               Turns: 1899, Time: 00:07:22

Health: -3/21      AC:  4    Str:  0    XL:     4   Next: 65%
Magic:  14/14      EV:  4    Int: 17    God:
Gold:   189        SH:  0    Dex: 16    Spells: 4 memorised, 1 level left

rFire  . . .     SeeInvis +     a - +1 dagger
rCold  . . .     Clarity  .     b - +2 robe
rNeg   . . .     SustAb   .     (shield restricted)
rPois  .         Gourm    .     (helmet restricted)
rElec  .         Spirit   .     (no cloak)
rCorr  .         Warding  .     (gloves unavailable)
rMut   .         Stasis   .     (boots unavailable)
MR     .....                    (no amulet)
Stlth  ++........               q - -4 ring of strength (curse)
                                j - ring of loudness (curse)

@: paralysed, lost strength, very quick, not resistant to hostile enchantments,
unstealthy
A: unfitting armour, see invisible, herbivore 3, speed 3, slow metabolism 2
a: no special abilities


You were on level 3 of the Dungeon.
You were full.

You visited 1 branch of the dungeon, and saw 3 of its levels.

You collected 189 gold pieces.

Inventory:

Hand weapons
 a - a +1 dagger (weapon)
Armour
 b - a +2 robe (worn)
Jewellery
 j - a cursed ring of loudness (left hand)
 q - a cursed -4 ring of strength (right hand)
Scrolls
 f - a scroll of fog
 k - a scroll of enchant armour
 m - 2 scrolls of teleportation
 n - a scroll of noise
 o - 2 scrolls of blinking
Potions
 e - 2 potions of degeneration {unknown}
 g - 2 potions of ambrosia
 h - 2 potions of curing
 l - 3 potions of haste {unknown}
Books
 c - a book of Maledictions

   Spells                             Type                      Level
   a - Corona                         Hexes                        1
   b - Sure Blade                     Hexes/Charms                 2
   c - Ensorcelled Hibernation        Hexes/Ice                    2
   d - Confuse                        Hexes                        3
   e - Dazzling Spray                 Conjuration/Hexes            3
   f - Enslavement                    Hexes                        4
Comestibles
 d - 3 bread rations


   Skills:
 + Level 1.8 Short Blades
 + Level 3.6 Dodging
 + Level 5.2 Stealth
 * Level 3.9 Spellcasting
 * Level 4.9 Hexes


You had one spell level left.
You knew the following spells:

 Your Spells              Type           Power        Failure   Level  Hunger
a - Corona                Hex            ###....      2%          1    None
b - Ensorcelled Hibernat  Hex/Ice        ##....       12%         2    ##.....
c - Confuse               Hex            ###.....     10%         3    ###....
d - Dazzling Spray        Conj/Hex       ##......     21%         3    ###....


Dungeon Overview and Level Annotations

Branches:
Dungeon (3/15)

Altars:
Dithmenos
Gozag
Xom
Yredelemnul
Zin

Annotations:
D:3 Grinder


Innate Abilities, Weirdness & Mutations

You are tiny and cannot use many weapons and most armour.
You have supernaturally acute eyesight.
You are a herbivore.
You cover ground extremely quickly.
You need consume almost no food.


Message History

The helpless jackal fails to defend itself.
You hit the jackal!!
You kill the jackal!
You start resting.
Magic restored.
You start resting.
Unknown command.
You are feeling very hungry.
Eat which item? (? for menu, Esc to quit)
You continue eating. x2
You finish eating.
That bread ration really hit the spot!
f - a scroll of fog Grinder comes into view.
Grinder is nearby!
Grinder gestures at you.
You suddenly lose the ability to move!
Grinder says, "Wait up."
Grinder gestures at you. Pain shoots through your body!
You die...

******** *,,,,,,* ***,,,,,,***
*,,,,,,,,,,* ### *,,,,,,,,,,*
..###################....,,,,,,*
................@..5.....,,,,,,*
....#################....,,,,,,*
....# *********,,,,,,,,,,,*
....# *,,,,,,,,,**,,,,,,***
...## ****,**********,,,,,,*
..## *,,,,* ********** ..#
*,**** ***,,,* ..###****,,,,*
*** *,,,*,* ....,,>*,,,,,*
**,****,,,*,*


You could see Grinder.

Vanquished Creatures
  Terence (D:2)
  Robin (D:2)
  An adder (D:2)
  A giant mite (D:3)
  2 worms
  2 giant geckos
  An ooze (D:3)
  An orc (D:3)
  A ball python (D:1)
  2 giant cockroaches (D:2)
  15 goblins
  6 hobgoblins
  3 jackals (D:3)
  A quokka (D:2)
  7 bats
  2 giant newts (D:2)
  5 kobolds
  4 rats
56 creatures vanquished.

Vanquished Creatures (others)
  A giant cockroach (D:1)
1 creature vanquished.

Grand Total: 57 creatures vanquished

Notes
Turn   | Place    | Note
--------------------------------------------------------------
     0 | D:1      | siprus, the Spriggan Enchanter, began the quest for the Orb.
     0 | D:1      | Reached XP level 1. HP: 9/9 MP: 4/4
   150 | D:1      | Reached XP level 2. HP: 7/13 MP: 7/7
   154 | D:1      | Learned a level 2 spell: Ensorcelled Hibernation
   486 | D:2      | Found a shadowy altar of Dithmenos.
   527 | D:2      | Noticed Terence
   542 | D:2      | Killed Terence
   542 | D:2      | Reached XP level 3. HP: 14/16 MP: 0/11
   567 | D:2      | Noticed Robin
   698 | D:2      | Reached skill level 5 in Stealth
   973 | D:2      | Killed Robin
  1019 | D:2      | Reached XP level 4. HP: 18/21 MP: 6/14
  1205 | D:2      | Found a glowing silver altar of Zin.
  1210 | D:2      | Found an opulent altar of Gozag.
  1215 | D:2      | Found a shimmering altar of Xom.
  1220 | D:2      | Found a basalt altar of Yredelemnul.
  1309 | D:2      | Learned a level 3 spell: Confuse
  1313 | D:2      | Learned a level 3 spell: Dazzling Spray
  1662 | D:3      | Lost strength.
  1893 | D:3      | Noticed Grinder
  1894 | D:3      | Paralysed by Grinder for 6 turns
  1899 | D:3      | Killed from afar by Grinder

Action                   |  1- 3 |  4- 6 || total
-------------------------+-------+-------++-------
Melee: Dagger            |    88 |    59 ||   147
 Cast: Ensorcelled Hiber |    23 |    14 ||    37
       Confuse           |       |     1 ||     1
       Dazzling Spray    |       |     1 ||     1
  Use: Potion            |     1 |       ||     1
       Scroll            |       |     7 ||     7
 Stab: Sleeping          |    23 |    16 ||    39
  Eat: Bread ration      |       |     1 ||     1
